 Dungeon Crawl Stone Soup version 0.25-a0-766-g0ecfff5982 (webtiles) character file.

Game seed: 14687972239902997445, levelgen mode: deterministic

5129 Error4North the Cleaver (level 10, -2/135 HPs)
             Began as a Hill Orc Fighter on Apr 13, 2020.
             Was a Believer of Okawaru.
             Slain by a wyvern (3 damage)
             ... on level 8 of the Dungeon.
             The game lasted 00:25:23 (7212 turns).

Error4North the Cleaver (Hill Orc Fighter)          Turns: 7212, Time: 00:25:24

Health: -2/135     AC: 25    Str: 23    XL:     10   Next: 58%
Magic:  10/12      EV:  2    Int:  8    God:    Okawaru [**....]
Gold:   398        SH: 13    Dex:  8    Spells: 9/9 levels left

rFire    . . .     SeeInvis .   a - +0 war axe
rCold    . . .     Gourm    .   c - +0 kite shield
rNeg     + + +     Faith    .   (armour currently unavailable)
rPois    +         Spirit   .   (helmet currently unavailable)
rElec    .         Reflect  .   (cloak currently unavailable)
rCorr    .         Harm     .   (gloves currently unavailable)
MR       .....     NoTele   +   (boots currently unavailable)
Stlth    ++........             (no amulet)
HPRegen  0.32/turn              o - ring of positive energy
MPRegen  0.13/turn              (no ring)

@: tree-form, heroism
A: clumsy 1
a: Heroism, Renounce Religion


You were on level 8 of the Dungeon.
You worshipped Okawaru.
Okawaru was pleased with you.
You were not hungry.
You were a tree.
You visited 2 branches of the dungeon, and saw 11 of its levels.
You also visited: Sewer and Ossuary.

You collected 398 gold pieces.

Inventory:

Hand Weapons
 a - a +0 war axe (weapon)
Missiles
 k - 6 silver boomerangs (quivered)
Armour
 c - a +0 kite shield (worn)
 d - a +2 hat (melded)
 p - a +0 chain mail (melded)
Jewellery
 o - a ring of positive energy (left branch)
 y - a +4 ring of intelligence {unknown}
Wands
 b - a wand of iceblast (7)
 t - a wand of flame (19)
 C - a wand of digging (2)
Scrolls
 e - a scroll of immolation {unknown}
 h - 2 scrolls of noise {unknown}
 i - 3 scrolls of remove curse {unknown}
 j - 5 scrolls of teleportation {unknown}
 m - 7 scrolls of identify {unknown}
 n - a scroll of magic mapping {unknown}
 q - a scroll of random uselessness {unknown}
 v - a scroll of blinking {unknown}
 B - a scroll of amnesia {unknown}
 D - a scroll of enchant armour {unknown}
Potions
 l - 2 potions of curing
 r - a potion of brilliance
 w - 2 potions of flight
 z - 2 potions of lignification
 A - a potion of cancellation {unknown}
Comestibles
 f - 4 rations
 g - 3 chunks of flesh


   Skills:
 * Level 8.9(13.9) Fighting
 + Level 10.8(15.8) Axes
 + Level 1.3(6.3) Throwing
 * Level 8.6(13.6) Armour
 + Level 1.5(6.5) Dodging
 * Level 8.3(13.3) Shields
 * Level 3.6 Invocations
 * Level 2.0 Evocations


You had 9 spell levels left.
You didn't know any spells.
Your spell library was empty.

Dungeon Overview and Level Annotations

Branches:
Dungeon (10/15)            Temple (1/1) D:6            Lair (0/6) D:8
  Sewer (visited)         Ossuary (visited)
    Orc: D:9-12

Altars:
Ashenzari
Cheibriados
Dithmenos
Elyvilon
Fedhas
Gozag
Hepliaklqana
Kikubaaqudgha
Makhleb
Nemelex Xobeh
Okawaru
Qazlal
Ru
Sif Muna
Trog
Uskayaw
Vehumet
Wu Jian
Xom
Yredelemnul
Zin
Beogh

Annotations:
D:5 3 runed translucent doors, tilp's ghost, novice GnSk
D:8 Harold


Innate Abilities, Weirdness & Mutations

((You have hoof-like feet.))
You are clumsy. (Dex -2)
((Your flesh is heat resistant. (rF+)))


Message History

The ogre barely misses you.
It was a potion of mutation.
You feel extremely strange.
Your feet thicken and deform.
You feel resistant to heat.
You feel clumsy.
Your feet thicken and deform.
The wyvern bites you!
* * * LOW HITPOINT WARNING * * *
The wyvern bites you.
* * * LOW HITPOINT WARNING * * *
It was a potion of lignification.
You turn into a tree.
Your +2 hat melds into your body.
Your +0 chain mail melds into your body.
Your roots penetrate the ground.
The ogre hits you with a +0 giant spiked club.
* * * LOW HITPOINT WARNING * * *
The wyvern bites you.
* * * LOW HITPOINT WARNING * * *
You barely miss the wyvern.
The wyvern is lightly wounded.
You hit the ogre. The wyvern bites you.
You die...

#..#.##.#
######
#.......#
##.#.....#
#.#####.#
#.# #@#
#K# #O#
#♣# #l#
#.# #.# #
#.#
##.######
#..
.........
###
.........
....%.@(.
%.....P..


You could see Harold, a wyvern, a big kobold and an ogre.

Vanquished Creatures
  Gastronok (D:8)
  A hippogriff (D:7)
  Sigmund (D:3)
  Edmund (D:5)
  3 wargs (D:8)
  2 ice beasts
  A sky beast (D:5)
  An ogre (D:6)
  A black bear (D:6)
  3 necrophages (D:8)
  A phantom (D:5)
  A centaur (D:6)
  2 big kobolds
  An elf zombie (D:4)
  4 bullfrogs
  An elf skeleton (D:4)
  2 scorpions
  A troll skeleton (D:8)
  7 centaur zombies
  2 crimson imps
  2 orc priests
  2 human zombies (D:8)
  3 hounds
  An iguana (D:6)
  A bullfrog skeleton (D:8)
  Jessica (D:3)
  Terence (D:2)
  3 human skeletons
  2 orc wizards (D:8)
  3 worker ants
  3 big kobold zombies (Ossuary)
  9 mummies
  11 adders
  3 gnolls (D:6)
  A river rat (Sewer)
  3 shadow imps (D:6)
  An ooze (D:3)
  An adder skeleton (D:5)
  5 worms
  3 leopard geckos
  11 orcs
  8 giant cockroaches
  8 goblins
  8 hobgoblins
  A jackal (Sewer)
  20 kobolds
  4 quokkas
  A ball python (D:4)
  9 bats
  3 frilled lizards
  3 hobgoblin zombies (Ossuary)
  2 orc zombies
  15 rats
189 creatures vanquished.

Notes
Turn   | Place    | Note
-------+----------+-------------------------------------------
     0 | D:1      | Error4North the Hill Orc Fighter began the quest for the
                  | Orb.
     0 | D:1      | Reached XP level 1. HP: 19/19 MP: 1/1
   211 | D:1      | Reached XP level 2. HP: 22/27 MP: 2/2
   735 | D:2      | Reached skill level 3 in Axes
   747 | D:2      | Reached XP level 3. HP: 26/33 MP: 3/3
  1152 | D:2      | Reached XP level 4. HP: 22/41 MP: 4/4
  1591 | D:2      | Noticed Terence
  1598 | D:2      | Killed Terence
  1598 | D:2      | Reached skill level 4 in Axes
  1598 | D:2      | Reached XP level 5. HP: 33/47 MP: 5/5
  1951 | D:3      | Found an opulent altar of Gozag.
  1979 | D:3      | Reached skill level 5 in Fighting
  2193 | D:3      | Noticed Jessica
  2202 | D:3      | Killed Jessica
  2249 | D:3      | Noticed Sigmund
  2254 | D:3      | Killed Sigmund
  2254 | D:3      | Reached skill level 5 in Axes
  2254 | D:3      | Reached skill level 5 in Shields
  2254 | D:3      | Reached XP level 6. HP: 40/56 MP: 6/6
  2766 | D:4      | Found a glowing drain.
  2776 | Sewer    | Entered a sewer
  2852 | Sewer    | Reached XP level 7. HP: 43/61 MP: 7/7
  2873 | Sewer    | Found a glowing silver altar of Zin.
  3043 | D:4      | Found a sand-covered staircase.
  3064 | Ossuary  | Entered an ossuary
  3082 | Ossuary  | Reached skill level 6 in Axes
  3082 | Ossuary  | Reached skill level 5 in Armour
  3088 | Ossuary  | Reached XP level 8. HP: 25/70 MP: 8/8
  3490 | D:4      | Reached skill level 7 in Axes
  3527 | D:4      | Found a blossoming altar of Fedhas.
  3827 | D:5      | Entered Level 5 of the Dungeon
  3895 | D:5      | Noticed Edmund
  3913 | D:5      | Killed Edmund
  4082 | D:5      | Found a shimmering blue altar of Sif Muna.
  4198 | D:5      | Found a runed translucent gate.
  4198 | D:5      | Found a runed translucent gate.
  4198 | D:5      | Found a runed translucent gate.
  4204 | D:5      | Reached skill level 8 in Axes
  4206 | D:5      | Noticed tilp's ghost (novice GnSk)
  4294 | D:5      | Found a roughly hewn altar of Beogh.
  4542 | D:6      | Reached skill level 1 in Throwing
  4844 | D:6      | Reached XP level 9. HP: 73/79 MP: 9/9
  5077 | D:6      | Upgraded the game from 0.25-a0-737-g26c3a87c45 to
                  | 0.25-a0-766-g0ecfff5982
  5166 | D:6      | Found a staircase to the Ecumenical Temple.
  5175 | Temple   | Entered the Ecumenical Temple
  5248 | Temple   | Became a worshipper of Warmaster Okawaru
  5366 | D:6      | Reached skill level 9 in Axes
  5632 | D:6      | Found a stormy altar of Qazlal.
  5633 | D:6      | Found a basalt altar of Yredelemnul.
  6061 | D:7      | You fall into a shaft and drop 3 floors!
  6061 | D:10     | Entered Level 10 of the Dungeon
  6220 | D:8      | Reached skill level 1 in Dodging
  6300 | D:8      | Reached * piety under Okawaru
  6522 | D:8      | Found a staircase to the Lair.
  6592 | D:8      | Found a basalt altar of Yredelemnul.
  6779 | D:8      | Reached skill level 10 in Axes
  6787 | D:8      | Reached XP level 10. HP: 45/88 MP: 10/10
  6989 | D:8      | Reached skill level 1 in Invocations
  7006 | D:8      | Noticed Gastronok
  7015 | D:8      | HP: 2/88 [Gastronok (27)]
  7031 | D:8      | Killed Gastronok
  7031 | D:8      | Reached ** piety under Okawaru
  7056 | D:8      | Noticed Harold
  7210 | D:8      | Gained mutation: You have large cloven feet. [potion of
                  | mutation]
  7210 | D:8      | Gained mutation: Your flesh is heat resistant. (rF+)
                  | [potion of mutation]
  7210 | D:8      | Gained mutation: You are clumsy. (Dex -2) [potion of
                  | mutation]
  7210 | D:8      | Gained mutation: You have hoof-like feet. [potion of
                  | mutation]
  7211 | D:8      | HP: 1/135 [wyvern (6)]
  7212 | D:8      | Slain by a wyvern

Levels and vault maps discovered:
D:1:      tarquinn_simple_flora_water_c, layout_loops_corners, glass_columns_a,
          st_stairs_12
D:2:      layout_basic, serial_bayou_lagoon_b, uniq_terence
D:3:      layout_rooms, grunt_gozag_statues, first_ration, uniq_sigmund,
          uniq_jessica
D:4:      layout_loops_ring, fedhas_altar_3, tso_altar,
          cheibrodos_sewer_entry_drain, nicolae_ossuary_entry_catacombs,
          kennysheep_nondescript
D:5:      layout_rooms, led_sif_pool, biasface_ghost_orc_armoury, uniq_edmund
D:6:      layout_layer_cave, gammafunk_temple_overflow_statue,
          minmay_temple_entry_tees
D:7:      layout_gridville
D:8:      layout_loops_ring, erik_lair_orcish_takeover, basic_altar,
          blue_anna_alchemist [blue_anna_fruit_fields, blue_anna_fruit_fields],
          lemuel_mausoleum_altar_yredelemnul, uniq_gastronok, uniq_harold
D:9:      layout_long_grid, uniq_erolcha
D:10:     layout_small_grid, serial_ice, serial_ice_a, serial_ice_i,
          serial_ice_g, serial_ice_d, serial_ice_f, serial_ice_e
Temple:   eino_temple_rhombus

Skill      XL: |  1  2  3  4  5  6  7  8  9 10 |
---------------+-------------------------------+-----
Fighting       | 4 5 6 7 8 |  8.9
Axes           | 3 4 5 6 8 10 | 10.8
Shields        | 4 5 6 8 |  8.3
Armour         | 4 5 6 7 8 |  8.6
Throwing       | 1 |  1.3
Dodging        | 1 |  1.5
Invocations    | 3 |  3.6
Evocations     | 2 |  2.0

Action                   |  1- 3 |  4- 6 |  7- 9 | 10-12 || total
-------------------------+-------+-------+-------+-------++-------
Melee: War axe           |   122 |   164 |   422 |    34 ||   742
Throw: Boomerang         |       |       |     4 |       ||     4
Invok: Heroism           |       |       |       |     2 ||     2
  Use: Potion            |       |       |    10 |     5 ||    15
  Eat: Chunk             |     1 |     5 |    10 |       ||    16
       Ration            |       |       |     1 |     1 ||     2
Armor: Scale mail        |    49 |       |       |       ||    49
       Chain mail        |    16 |   113 |   235 |    20 ||   384
Dodge: Dodged            |    33 |    38 |   107 |    25 ||   203
Block: Kite shield       |    68 |   117 |   244 |    37 ||   466

Table legend:
 A = Non-vault XP
 B = Vault XP
 C = Vault XP percentage of total XP
 D = Non-vault monster count
 E = Vault monster count
 F = Vault count percentage of total count
                 A         B        C        D         E       F
            +---------+---------+-------+---------+---------+-------
      Total |    2578 |    4750 |  64.8 |     127 |      62 |  32.8
            +---------+---------+-------+---------+---------+-------
        D:1 |      27 |       1 |   3.6 |      17 |       1 |   5.6
        D:2 |     109 |      36 |  24.8 |      27 |       1 |   3.6
        D:3 |      87 |     264 |  75.2 |      22 |       2 |   8.3
        D:4 |      74 |     217 |  74.6 |       6 |       7 |  53.8
        D:5 |     369 |     162 |  30.5 |      10 |       1 |   9.1
        D:6 |     947 |       0 |   0.0 |      23 |       0 |   0.0
        D:7 |     364 |       0 |   0.0 |       5 |       0 |   0.0
        D:8 |     472 |    3468 |  88.0 |      16 |      21 |  56.8
        D:9 |     129 |       0 |   0.0 |       1 |       0 |   0.0
      Sewer |       0 |     129 | 100.0 |       0 |      11 | 100.0
    Ossuary |       0 |     473 | 100.0 |       0 |      18 | 100.0
            +---------+---------+-------+---------+---------+-------
